 Dungeon Crawl Stone Soup version 0.25.1-8-g42b30a86e7 (webtiles) character file.

Game seed: 15533262488224958484

266 Clowwww the Skirmisher (level 6, -4/66 HPs)
             Began as an Ogre Berserker on Dec 27, 2020.
             Was a Priest of Trog.
             Slain by Blork the orc
             ... wielding a +0 halberd
              (10 damage)
             ... on level 4 of the Dungeon.
             The game lasted 00:07:17 (3503 turns).

Clowwww the Skirmisher (Ogre Berserker)             Turns: 3503, Time: 00:07:19

Health: -4/66      AC:  5    Str: 24    XL:     6   Next: 20%
Magic:  6/6        EV: 11    Int:  8    God:    Trog [***...]
Gold:   181        SH:  0    Dex:  8    Spells: 5/5 levels left

rFire    . . .     SeeInvis .   a - +0 mace
rCold    . . .     Gourm    .   (no shield)
rNeg     . . .     Faith    .   b - +0 animal skin
rPois    .         Spirit   .   (helmet restricted)
rElec    .         Reflect  .   q - +1 cloak
rCorr    .         Harm     .   (gloves unavailable)
MR       .....                  (boots unavailable)
Stlth    +.........             (no amulet)
HPRegen  0.21/turn              (no ring)
MPRegen  0.10/turn              (no ring)

@: no status effects
A: large, unfitting armour, tough skin 1
a: Berserk, Trog's Hand, Renounce Religion


You were on level 4 of the Dungeon.
You worshipped Trog.
Trog was most pleased with you.
You were not hungry.

You visited 1 branch of the dungeon, and saw 4 of its levels.

You collected 181 gold pieces.

Inventory:

Hand Weapons
 a - a +0 mace (weapon)
Missiles
 r - 2 boomerangs (quivered)
Armour
 b - a +0 animal skin (worn)
 q - a +1 cloak (worn)
Wands
 n - a wand of digging (4)
Scrolls
 d - 2 scrolls of remove curse {unknown}
 e - 2 scrolls of noise
 h - a scroll of amnesia
 i - 2 scrolls of magic mapping
 l - a scroll of enchant armour {unknown}
 m - a scroll of fear
 o - a scroll of blinking
Potions
 f - a potion of ambrosia {unknown}
 j - a potion of flight
 k - a potion of brilliance
 p - a potion of haste
Comestibles
 c - 7 rations


   Skills:
 + Level 5.4 Fighting
 + Level 4.6 Maces & Flails
 + Level 4.0 Dodging
 + Level 0.2 Stealth


You had 5 spell levels left.
You didn't know any spells.
Your spell library was empty.

Dungeon Overview and Level Annotations

Branches:
Dungeon (4/15)
 Temple: D:4-7

Altars:
Ashenzari
Elyvilon

Annotations:
D:4 Blork the orc


Innate Abilities, Weirdness & Mutations

You are too large for most types of armour.
You have tough skin. (AC +1)


Message History

You hear some strange, mumbled words.
You miss something. Something hits you!
You miss something. Something hits you!
You hear some strange, mumbled words.
A puff of flame appears from out of thin air!
The puff of flame hits you.
* * * LOW HITPOINT WARNING * * *
You hit something but do no damage. Something hits you!
* * * LOW HITPOINT WARNING * * *
Something hits you but does no damage. Something hits you.
* * * LOW HITPOINT WARNING * * *
There is an open door here.
You feel better.
You hear some strange, mumbled words.
A puff of flame appears from out of thin air!
The puff of flame hits you!
* * * LOW HITPOINT WARNING * * *
Something hits you!
You die...

## . .# .#######.# .#
........# .### ##.....##
## .#.## ##.......## ..#..
....####.........###.....#
.......'........@'{......#
....####.........###.....#
..<.# ##.......## ...##
###.# ##.....## .## #.#
##...## # #.# ##+## #.#
#.# #.#


There were no monsters in sight!

Vanquished Creatures
  An orc wizard (D:3)
  Ijyb (D:3)
  A worker ant (D:3)
  5 adders
  3 oozes
  A worm (D:3)
  3 dart slugs
  2 leopard geckos (D:1)
  5 orcs (D:3)
  7 bats
  5 giant cockroaches
  8 goblins
  8 hobgoblins
  33 jackals
  2 quokkas (D:2)
  A ball python (D:3)
  2 frilled lizards (D:2)
  6 kobolds
  11 rats
105 creatures vanquished.

Notes
Turn   | Place    | Note
-------+----------+-------------------------------------------
     0 | D:1      | Clowwww the Ogre Berserker began the quest for the Orb.
     0 | D:1      | Reached XP level 1. HP: 24/24 MP: 1/1
    22 | D:1      | Reached XP level 2. HP: 27/32 MP: 2/2
   498 | D:1      | Reached XP level 3. HP: 34/40 MP: 3/3
   511 | D:1      | Reached ** piety under Trog
   969 | D:2      | Found a shattered altar of Ashenzari.
  1109 | D:2      | Reached XP level 4. HP: 49/49 MP: 4/4
  1756 | D:2      | Reached *** piety under Trog
  1956 | D:2      | Reached skill level 5 in Fighting
  1956 | D:2      | Reached XP level 5. HP: 56/57 MP: 5/5
  2392 | D:3      | Found a white marble altar of Elyvilon.
  2394 | D:3      | Found a faded altar of an unknown god.
  2703 | D:3      | Noticed Ijyb
  2714 | D:3      | Killed Ijyb
  2879 | D:3      | Reached XP level 6. HP: 47/66 MP: 6/6
  3488 | D:4      | Noticed Blork the orc
  3503 | D:4      | Slain by Blork the orc

Illustrated notes

Levels and vault maps discovered:
D:1:      wander_arrival_chamber, layout_basic
D:2:      minmay_diamond_boxcup, layout_loops_ring, ashenzari_altar_1,
          grunt_ministairs_9
D:3:      layout_basic, lemuel_round_altar,
          chequers_ecumenical_altar_simple_redux, uniq_ijyb
D:4:      layout_loops_corners, uniq_blork_the_orc, uniq_duvessa

Skill      XL: |  1  2  3  4  5  6 |
---------------+-------------------+-----
Maces & Flails | 3 4 |  4.6
Dodging        | 3 4 |  4.0
Fighting       | 5 |  5.4
Stealth        | |  0.2

Action                   |  1- 3 |  4- 6 || total
-------------------------+-------+-------++-------
Melee: Mace              |   101 |   288 ||   389
Throw: Boomerang         |       |     3 ||     3
  Use: Scroll            |       |    10 ||    10
       Potion            |       |     1 ||     1
 Stab: Sleeping          |       |     1 ||     1
  Eat: Chunk             |     1 |     8 ||     9
Armor: Animal skin       |    54 |   185 ||   239
Dodge: Dodged            |    78 |   226 ||   304
